 Dungeon Crawl Stone Soup version 0.21.1-1-g345015f (webtiles) character file.

7394 Fang the Cleaver (level 11, -2/106 HPs)
             Began as a Gargoyle Berserker on May 6, 2018.
             Was the Champion of Trog.
             Slain by anacleto's ghost (15 damage)
             ... on level 9 of the Dungeon.
             The game lasted 00:12:08 (9891 turns).

Fang the Cleaver (Gargoyle Berserker)               Turns: 9891, Time: 00:12:09

Health: -2/106     AC: 11    Str: 30    XL:     11   Next: 14%
Magic:  11/11      EV: 15    Int:  7    God:    Trog [******]
Gold:   468        SH:  0    Dex:  9    Spells: 10/10 levels left

rFire    + . .     SeeInvis +   A - +2 battleaxe (venom)
rCold    x . .     Gourm    .   (shield currently unavailable)
rNeg     + . .     Faith    +   b - +1 animal skin
rPois    ∞         Spirit   .   (no helmet)
rElec    +         Reflect  .   (no cloak)
rCorr    .         Harm     .   (no gloves)
MR       .....                  (no boots)
Stlth    ..........             g - amulet of faith
HPRegen  0.27/turn              r - ring of see invisible
MPRegen  0.12/turn              l - ring of fire

@: berserking, very quick
A: negative energy resistance 1, electricity resistance, unbreathing,
petrification resistance, rot immunity, AC +8
a: Berserk, Trog's Hand, Brothers in Arms, Burn Spellbooks, Renounce Religion


You were on level 9 of the Dungeon.
You worshipped Trog.
Trog was exalted by your worship.
You were not hungry.

You visited 1 branch of the dungeon, and saw 9 of its levels.
You also visited: Sewer.

You collected 468 gold pieces.

Inventory:

Hand Weapons
 A - a +2 battleaxe of venom (weapon)
Missiles
 s - 2 javelins (quivered)
Armour
 b - a +1 animal skin (worn)
Jewellery
 a - an uncursed ring of resist corrosion {unknown}
 g - an amulet of faith (around neck)
 l - a ring of fire (right hand)
 r - a ring of see invisible (left hand)
 y - an uncursed amulet of guardian spirit {unknown}
Wands
 p - a wand of polymorph (4)
 t - a wand of flame (18)
Scrolls
 e - 3 scrolls of magic mapping
 h - 5 scrolls of remove curse
 o - 6 scrolls of teleportation
Potions
 d - 4 potions of might
 f - 3 potions of lignification
 i - 2 potions of heal wounds
 j - a potion of magic
 k - 2 potions of agility
 n - 8 potions of curing
 q - 5 potions of brilliance
 u - 4 potions of flight {unknown}
 v - 4 potions of haste {unknown}
 z - a potion of degeneration {unknown}
Comestibles
 c - 9 rations


   Skills:
 + Level 9.1 Fighting
 + Level 10.9 Axes
 + Level 2.6 Armour
 + Level 6.8 Dodging
 + Level 5.6 Stealth
 + Level 1.1 Unarmed Combat


You had 10 spell levels left.
You didn't know any spells.

Dungeon Overview and Level Annotations

Branches:
Dungeon (9/15)             Temple (0/1) D:5
   Lair: D:8-11         Orc: D:9-12

Altars:
Cheibriados
Elyvilon
Fedhas
Kikubaaqudgha
Makhleb
Okawaru
Qazlal
Ru
Uskayaw
Vehumet
Yredelemnul
Zin
The Shining One

Shops:
D:9 !

Annotations:
D:9 anacleto's ghost, journeyman MiBe


Innate Abilities, Weirdness & Mutations

You are resistant to torment.
Your stone body is resilient. (AC +8)
You are immune to poison.
You resist negative energy. (rN+)
You are resistant to electric shocks. (rElec)
You can survive without breathing.
You are immune to petrification.
You are immune to rotting.


Message History

The troll claws you but does no damage. Anacleto's ghost hits you!
A red film seems to cover your vision as you go berserk!
You feel yourself moving faster!
You feel mighty!
You feel quite a bit more hungry. The troll bites you!
* * * LOW HITPOINT WARNING * * *
The troll completely misses you. The troll claws you!
* * * LOW HITPOINT WARNING * * *
Anacleto's ghost hits you.
* * * LOW HITPOINT WARNING * * *
You slash anacleto's ghost!
Anacleto's ghost is lightly damaged.
You slice the troll!!
You kill the troll!
Trog accepts your kill. Anacleto's ghost barely misses you.
Unknown command.
You hit anacleto's ghost but do no damage.
Anacleto's ghost is lightly damaged.
Anacleto's ghost hits you!
You die...

#...........#
#####...........##
###.............#...
##...............#...
#........###....##...
#.....#### #.........
#.......# #.........
###......# #.........
#....@)..# #.........
#..∩.W)>..............
.................?......
........................
................ ......
................ .....
...[............ ...
................ ... ..


You could see anacleto's ghost.

Vanquished Creatures
  2 two-headed ogres
  The ghost of return0 the Skirmisher, a novice HOMo of Beogh (D:6)
  Joseph (D:8)
  The ghost of Glog the Shield-Bearer, a novice HaFi (D:5)
  A kobold demonologist (D:8)
  A troll (D:9)
  Prince Ribbit (D:6)
  2 hippogriffs
  The ghost of bnns the Insei, an amateur OpTm (D:4)
  A spriggan (D:7)
  Grum (D:9)
  Menkaure (D:6)
  2 orc warriors
  3 ice beasts
  A black bear (D:8)
  An ogre (D:5)
  2 wolves (D:9)
  A crocodile (D:8)
  2 centaurs
  4 big kobolds
  6 scorpions
  5 wights (D:6)
  2 howler monkeys
  5 crimson imps
  3 hounds
  16 orc wizards
  4 orc priests
  5 iguanas
  Jessica (D:3)
  A centaur skeleton (D:6)
  Ijyb (D:3)
  2 worker ants
  A hound zombie (D:9)
  2 worker ant zombies
  5 gnolls
  2 howler monkey skeletons
  12 adders
  8 river rats (Sewer)
  A shadow imp (D:5)
  An ooze (Sewer)
  2 adder zombies (D:6)
  An adder skeleton (D:4)
  3 worms
  A dart slug (D:1)
  3 leopard geckos
  43 orcs
  7 ball pythons
  5 bats
  3 giant cockroaches
  4 goblins
  3 hobgoblins
  6 jackals (D:4)
  32 kobolds
  5 quokkas
  7 frilled lizards
  A quokka zombie (D:7)
  27 rats
266 creatures vanquished.

Notes
Turn   | Place    | Note
-------+----------+-------------------------------------------
     0 | D:1      | Fang the Gargoyle Berserker began the quest for the Orb.
     0 | D:1      | Reached XP level 1. HP: 14/14 MP: 1/1
   230 | D:1      | Reached XP level 2. HP: 19/19 MP: 2/2
   326 | D:1      | Reached skill level 3 in Axes
   613 | D:2      | Reached XP level 3. HP: 13/24 MP: 3/3
   890 | D:2      | Reached ** piety under Trog
  1159 | D:2      | Reached XP level 4. HP: 25/29 MP: 4/4
  1169 | D:2      | Found a glowing golden altar of the Shining One.
  1435 | D:2      | Reached skill level 1 in Stealth
  1601 | D:3      | Noticed Ijyb
  1659 | D:3      | Killed Ijyb
  2012 | D:3      | Reached skill level 4 in Axes
  2012 | D:3      | Reached XP level 5. HP: 26/33 MP: 5/5
  2023 | D:3      | Found a white marble altar of Elyvilon.
  2472 | D:3      | Noticed Jessica
  2494 | D:3      | Killed Jessica
  2494 | D:3      | Reached XP level 6. HP: 25/38 MP: 6/6
  2696 | D:4      | Noticed bnns's ghost (amateur OpTm)
  2716 | D:4      | Killed bnns's ghost
  2716 | D:4      | Reached skill level 5 in Axes
  2716 | D:4      | Reached XP level 7. HP: 42/44 MP: 7/7
  2838 | D:4      | Reached *** piety under Trog
  2890 | D:4      | Found a burning altar of Makhleb.
  3018 | D:4      | Found a sacrificial altar of Ru.
  3073 | D:4      | Found a glowing silver altar of Zin.
  3326 | D:5      | Entered Level 5 of the Dungeon
  3440 | D:5      | Reached skill level 5 in Fighting
  3596 | D:5      | Reached skill level 6 in Axes
  3661 | D:5      | Found a glowing drain.
  3769 | Sewer    | Entered a sewer
  3796 | Sewer    | Reached XP level 8. HP: 37/49 MP: 8/8
  4402 | Sewer    | Reached **** piety under Trog
  4782 | D:5      | Found an ancient bone altar of Kikubaaqudgha.
  4876 | D:5      | Noticed Glog's ghost (novice HaFi)
  4904 | D:6      | Reached skill level 7 in Axes
  5145 | D:5      | Killed Glog's ghost
  5214 | D:5      | Found a staircase to the Ecumenical Temple.
  5642 | D:6      | Found a hide-covered altar of Uskayaw.
  5643 | D:6      | Noticed return0's ghost (novice HOMo)
  5665 | D:6      | Killed return0's ghost
  5665 | D:6      | Reached skill level 8 in Axes
  5665 | D:6      | Reached skill level 1 in Unarmed Combat
  5665 | D:6      | Reached XP level 9. HP: 42/56 MP: 9/9
  5903 | D:6      | Reached skill level 5 in Dodging
  5904 | D:6      | Reached ***** piety under Trog
  5953 | D:6      | Noticed Prince Ribbit
  5974 | D:6      | Killed Prince Ribbit
  6046 | D:6      | Found a basalt altar of Yredelemnul.
  6138 | D:6      | Noticed Menkaure
  6148 | D:6      | Killed Menkaure
  6394 | D:6      | You fall through a shaft for 2 floors!
  6443 | D:8      | Reached skill level 9 in Axes
  6448 | D:8      | Reached XP level 10. HP: 63/63 MP: 10/10
  7020 | D:7      | Reached skill level 5 in Stealth
  7194 | D:7      | Found an iron altar of Okawaru.
  7493 | D:8      | Found a snail-covered altar of Cheibriados.
  7493 | D:8      | Found a radiant altar of Vehumet.
  7563 | D:8      | Reached ****** piety under Trog
  7608 | D:8      | Noticed Joseph
  7613 | D:8      | Noticed a two-headed ogre
  7622 | D:8      | Killed a two-headed ogre
  7622 | D:8      | Reached skill level 10 in Axes
  7624 | D:8      | Killed Joseph
  8337 | D:8      | Noticed a kobold demonologist
  8349 | D:8      | Killed a kobold demonologist
  8701 | D:8      | Found a blossoming altar of Fedhas.
  8704 | D:8      | Found a stormy altar of Qazlal.
  9137 | D:8      | Received a gift from Trog
  9391 | D:9      | Noticed Grum
  9405 | D:9      | Killed Grum
  9443 | D:9      | Reached XP level 11. HP: 21/69 MP: 11/11
  9800 | D:9      | Noticed a two-headed ogre
  9810 | D:9      | Killed a two-headed ogre
  9862 | D:9      | Found Siamiyd's Distillery.
  9882 | D:9      | Noticed anacleto's ghost (journeyman MiBe)
  9891 | D:9      | Slain by anacleto's ghost

Skill      XL: |  1  2  3  4  5  6  7  8  9 10 11 |
---------------+----------------------------------+-----
Axes           | 3 4 5 6 8 9 10 | 10.9
Dodging        | 2 3 4 5 6 |  6.8
Stealth        | 1 2 3 4 5 |  5.6
Fighting       | 4 5 6 7 8 9 |  9.1
Unarmed Combat | 1 |  1.1
Armour         | |  2.6

Action                   |  1- 3 |  4- 6 |  7- 9 | 10-12 || total
-------------------------+-------+-------+-------+-------++-------
Melee: Hand axe          |    90 |   133 |   477 |   181 ||   881
       Unarmed           |       |       |     8 |       ||     8
       Battleaxe         |       |       |       |    36 ||    36
       Punch             |       |       |       |     1 ||     1
Invok: Berserk           |       |     2 |     8 |     6 ||    16
  Use: Scroll            |       |       |    12 |     4 ||    16
 Stab: Sleeping          |       |     2 |     7 |     3 ||    12
  Eat: Chunk             |       |     3 |    13 |    12 ||    28
       Ration            |       |     1 |     2 |     2 ||     5
Armor: Animal skin       |    41 |    36 |   184 |    87 ||   348
Dodge: Dodged            |    71 |    99 |   343 |   182 ||   695
